 Dungeon Crawl Stone Soup version 0.32-a0-913-g739538afd8 (webtiles) character file.

Game seed: 13829998067472402166

213093 shadizar the Eclecticist (level 19, -1/139 HPs)
             Began as a Djinni Conjurer on Apr 7, 2024.
             Was the Champion of Makhleb.
             Killed from afar by a thorn hunter (46 damage)
             ... with a volley of thorns
             ... on level 4 of the Swamp.
             The game lasted 01:05:25 (37114 turns).

shadizar the Eclecticist (Djinni Conjurer)         Turns: 37114, Time: 01:05:26

Health: -1/139     AC: 20    Str: 10    XL:     19   Next: 67%
Gold:   3256       EV: 15    Int: 33    God:    Makhleb [******] SH:  9 Dex: 13

rFire   + + .        h - staff of conjuration
rCold   + . .        e - +2 buckler {AC+3}
rNeg    . . .        x - +0 acid dragon scales
rPois   ∞            C - +0 helmet
rElec   .            w - +2 cloak of Words of Power {^Contam rC+ Str+4 SInv}
rCorr   +            U - +2 pair of gloves
SInv    +            (boots unavailable)
Will    +....        r - amulet of the acrobat
Stlth   +++          J - +6 ring of intelligence
HPRegen 0.43/turn    y - ring of protection from cold

%: acrobat, infuse magic (-2 HP)
@: flying
A: sickness immunity, fire resistance 2, cold vulnerability 1, float, innate
caster, HP casting, extra vitality 1
}: 1/15 runes: gossamer
a: Renounce Religion, Minor Destruction, Lesser Servant of Makhleb, Major
Destruction, Greater Servant of Makhleb


You were on level 4 of the Swamp.
You worshipped Makhleb.
Makhleb was exalted by your worship.
You visited 6 branches of the dungeon, and saw 30 of its levels.
You also visited: Gauntlet.

You collected 3473 gold pieces.
You spent 217 gold pieces at shops.

Inventory:

Missiles
 T - 6 silver javelins
Armour
 e - a +2 buckler of protection (worn)
 i - a +2 robe of cold resistance
 w - the +2 cloak of Words of Power (worn) {^Contam rC+ Str+4 SInv}
   (You found it on level 8 of the Dungeon)

   Str+4:     It affects your strength (+4).
   rC+:       It protects you from cold.
   SInv:      It lets you see invisible.
   ^Contam:   It causes magical contamination when unequipped.
 x - +0 acid dragon scales (worn)
 C - a +0 helmet (worn)
 Q - a +2 chain mail of fire resistance
 U - a +2 pair of gloves (worn)
 X - +0 swamp dragon scales
 Z - a +2 leather armour of cold resistance
Magical Staves
 h - a staff of conjuration (weapon)
 Y - the staff "Anydi" {Str+4 Earth}
   (You found it on level 1 of the Spider Nest)

   [staff of earth]

   Base accuracy: +5 Base damage: 5 Base attack delay: 1.2 This weapon's minimum
   attack delay (0.6) is reached at skill level 12.
   Str+4:     It affects your strength (+4).
   Earth:     It increases the power of your Earth spells.
   It falls into the 'Staves' category.
   It is a one-handed weapon.
Jewellery
 m - a ring of positive energy
 o - a ring of willpower
 r - an amulet of the acrobat (around neck)
 y - a ring of protection from cold (right hand)
 D - a ring of resist corrosion
 G - a +6 ring of intelligence
 H - a ring of protection from fire
 I - an amulet of reflection
 J - a +6 ring of intelligence (left hand)
 N - the ring "Jiureesk" {Fly Str+3 SInv}
   (You found it in a Gauntlet)

   [ring of flight]

   Str+3:     It affects your strength (+3).
   SInv:      It lets you see invisible.
   Fly:       It grants you flight.
 P - the ring "Siceitu" {Ice rPois Int+3}
   (You took it off a minotaur in a Gauntlet)

   [ring of ice]

   Ice:       It enhances your ice magic.
   Int+3:     It affects your intelligence (+3).
   rF-:       It makes you vulnerable to fire.
   rC+:       It protects you from cold.
   rPois:     It protects you from poison.
 V - a ring of fire
Talismans
 S - the blade talisman "Fited" {Dex+4}
   (You found it on level 3 of the Swamp)

   [blade talisman]

   Dex+4:     It affects your dexterity (+4).
Wands
 n - a wand of flame (43)
 q - a wand of light (49)
 s - a wand of paralysis (30)
 v - a wand of polymorph (22)
 E - a wand of mindburst (25)
 O - a wand of digging (5)
 R - a wand of iceblast (5)
Scrolls
 l - 3 scrolls of enchant armour
 p - 3 scrolls of revelation
 t - 8 scrolls of teleportation
 u - 5 scrolls of identify
 K - a scroll of butterflies
 W - a scroll of enchant weapon
Potions
 a - a potion of degeneration {unknown}
 b - 14 potions of curing
 c - 3 potions of cancellation
 d - 5 potions of ambrosia
 f - 4 potions of might
 g - 4 potions of brilliance
 j - a potion of invisibility
 k - 5 potions of heal wounds
 z - 5 potions of enlightenment
 A - 3 potions of berserk rage
 B - 5 potions of haste
 F - 3 potions of lignification
 L - 3 potions of resistance
Miscellaneous
 M - a box of beasts


   Skills:
 + Level 13.9 Fighting
 - Level 11.2 Armour
 - Level 13.1 Dodging
 - Level 8.1 Stealth
 - Level 12.6 Shields
 * Level 17.8 Spellcasting
 * Level 17.8 Conjurations
 * Level 17.8 Hexes
   Level 0.0 Charms
 * Level 17.8 Summonings
 * Level 17.8 Necromancy
 * Level 17.8 Translocations
   Level 0.0 Transmutations
 * Level 17.8 Fire Magic
 * Level 17.8 Ice Magic
 * Level 17.8 Air Magic
 * Level 17.8 Earth Magic
 * Level 17.8 Alchemy


You knew the following spells:

 Your Spells              Type           Power      Damage    Failure   Level
a - Magic Dart            Conj           100%       1d8       0%          1
b - Searing Ray           Conj           100%       2d8       0%          2
c - Fulminant Prism       Conj/Alch      60%        3d26      0%          4
d - Iskenderun's Mystic   Conj/Tloc      100%       2d19      (+2d10%     4
e - Foxfire               Conj/Fire      100%       2x1d9     0%          1
f - Static Discharge      Conj/Air       100%       3-8/arc   0%          2
g - Maxwell's Portable P  Tloc           98%        2d(15-43) 0%          3
h - Sticky Flame          Fire/Alch      98%        2d14      0%          4
i - Animate Dead          Necr           98%        N/A       0%          4
j - Summon Forest         Summ/Tloc      49%        N/A       1%          5
k - Bombard               Conj/Erth      60%        9d10      1%          6
l - Summon Hydra          Summ           49%        N/A       1%          7
m - Enfeeble              Hex            49%        N/A       1%          7
Your spell library was empty.

Dungeon Overview and Level Annotations

Branches:
Dungeon (14/15)            Temple (1/1) D:6            Lair (5/5) D:11
  Swamp (4/4) Lair:3       Spider (4/4) Lair:3        Slime (0/5) Lair:5
    Orc (2/2) D:9             Elf (0/3) Orc:2        Vaults (0/5) D:14
Gauntlet (visited)

Altars:
Ashenzari
Cheibriados
Dithmenos
Elyvilon
Fedhas
Gozag
Hepliaklqana
Makhleb
Nemelex Xobeh
Okawaru
Qazlal
Ru
Trog
Uskayaw
Wu Jian
Xom
Yredelemnul
Zin
The Shining One
Beogh
Jiyva
Lugonu

Shops:
D:1 =   D:2 [   D:4 :=   D:5 *:?   D:6 (   D:9 *(   D:11 :   D:12 :
Orc:2 =[((

Portals:
Abyss: Lair:5

Annotations:
D:2 1 runed translucent door, Crazy Yiuf
Spider:4 3 runed translucent doors, shadizar's ghost, adept DjCj


Innate Abilities, Weirdness & Mutations

You are immune to sickness and miasma.
You are immune to poison.
Your flesh is very heat resistant. (rF++)
You are vulnerable to cold. (rC-)
You float through the air rather than walking.
You learn spells naturally, not from books.
Your magical power is your life essence.
You have superior vitality. (+4 MHP)


Message History

The blast of energy engulfs the spriggan druid!!!
The spriggan druid is almost dead.
The blast of energy engulfs the thorn hunter!
The thorn hunter is moderately damaged.
The blast of energy engulfs the briar patch!!!
You destroy the briar patch!
The blast of energy engulfs the briar patch!!
You destroy the briar patch!
The blast of energy engulfs the briar patch!!
You destroy the briar patch!
The blast of energy engulfs the briar patch!!
You destroy the briar patch!
The blast of energy engulfs the briar patch!!
You destroy the briar patch!
The blast of energy engulfs the briar patch!
You destroy the briar patch!
The blast of energy engulfs the briar patch!!
You destroy the briar patch!
Unknown command.
Unknown command.
Unknown command.
Unknown command.
Unknown command.
Unknown command.
Found a basalt altar of Yredelemnul.
Found a hydra corpse.
Found 18 gold pieces.
The spriggan druid points at you and mumbles some strange words.
Fedhas protects a plant from harm.
The stone arrow misses you.
Casting: Fulminant Prism (safe; 0% risk of failure)
Confirm with . or Enter, or press ? or * to list all spells.
Aiming: Bombard (mildly dangerous; 1% risk of failure)
Press: ? - help, Shift-Dir - straight line, f - thorn hunter
Aim: a thorn hunter (moderately damaged, 83% to hit)
You feel a surge of power!
The iron shot hits the thorn hunter!!!
The thorn hunter is almost destroyed.
The thorn hunter fires a volley of thorns at you.
The volley of thorns hits you!!!
You die...

## ###### #$### #~~~~....~
..... ##~~~.♣..~ ####~..##
#~~~.♣... #..ß~†ß.# #♣♣♣§~..~
#...._.. # ♣.~.♣♣ ~.._.
#.♣..†.♣.# ♣♣♣♣~~♣♣ . ~...♣
#...ß..~.# #♣~..~..♣ .. ..~~
♣..~.## #~.~~~~.÷ ~♣.f.
###@..♣ #~~.~~~.~ f~.i #~~..#
♣~.~♣♣~♣~ ♣.. ###♣#f####
♣♣~...♣♣♣ ♣..♣♣♣#.♣♣..#
♣♣♣♣♣.~♣♣♣. ♣§.)i~f~.i~!#
♣.~~~...♣.~
♣♣.~.~~...~.♣#♣♣♣♣♣~~~~..♣♣.~
##..~§~.~~###.<~♣♣.~~.♣♣♣♣~.
##.~~†.#~♣♣~~~~~♣♣..~♣♣♣♣~.
.~♣
#PP.~####~.~§~~♣♣~...~~...


You could see a thorn hunter and a spriggan druid.

Vanquished Creatures
  Mara (Swamp:4)
  Rupert (D:12)
  Jorgrun (Orc:2)
  A tentacled monstrosity (Swamp:3)
  The ghost of Kiarimix the Severer, an adept MiBe of Trog (Spider:1)
  A thorn hunter (Swamp:4)
  2 emperor scorpions
  2 ghost moths
  6 ghouls (Swamp:4)
  8 broodmothers
  2 eleionomae
  A minotaur (Gauntlet)
  6 bunyips
  2 spark wasps (Spider:4)
  2 shambling mangroves (Swamp:4)
  Josephine (Orc:1)
  7 entropy weavers
  5 vault guards (D:14)
  A jorogumo (Spider:4)
  A ghost crab (Swamp:2)
  6 alligators
  12 hydras
  A centaur warrior (D:14)
  5 boulder beetles
  4 radroaches
  9 two-headed ogres
  2 catoblepae (D:13)
  12 death yaks
  5 demonic crawlers
  A death scarab (Spider:4)
  3 tengu warriors (D:14)
  2 thrashing horrors (Lair:5)
  Urug (D:10)
  2 orc high priests (Orc:2)
  Nergalle (D:12)
  2 skysharks
  4 skeletal warriors (D:13)
  6 goliath frogs
  9 pharaoh ants
  9 orb spiders
  6 bog bodies
  4 spectral hydras (Swamp:4)
  6 spriggan druids
  7 swamp dragons
  A flayed ghost (Swamp:4)
  4 sun moths
  6 steelbarb worms
  2 phantasmal warriors (Swamp:4)
  3 large abominations (Lair:5)
  2 deep elf pyromancers
  4 ugly things
  2 orc knights (Orc:2)
  3 obsidian bats (Orc:2)
  3 orc sorcerers (Orc:2)
  20 wolf spiders
  A moth of wrath (Spider:3)
  14 elephants
  3 manticores
  2 will-o-the-wisps
  3 meliai (Spider:4)
  6 black mambas
  6 kobold blastminers
  2 smoke demons (Lair:5)
  A gargoyle (D:12)
  7 torpor snails
  9 cane toads
  An unseen horror (D:11)
  Maggie (D:10)
  2 rime drakes
  A kobold demonologist (D:10)
  2 tengu conjurers (D:13)
  7 komodo dragons
  2 bloated husks
  A hydra zombie (Swamp:4)
  2 trolls
  A polar bear (Lair:4)
  21 jumping spiders
  8 hornets
  30 tarantellas
  11 tyrant leeches
  4 dream sheep (Lair:4)
  29 blink frogs
  2 raiju (Lair:5)
  11 slime creatures
  24 culicivoras
  A ynoxinul (Lair:5)
  A water elemental (D:14)
  10 spriggans
  4 wraiths
  4 shadows
  2 wyverns
  A vampire (D:12)
  34 yaks
  9 basilisks
  6 humans (D:14)
  8 wargs
  59 redbacks
  17 vampire mosquitoes
  Menkaure (D:5)
  3 chaos spawn (Lair:5)
  20 swamp worms
  4 acid dragons
  A hydra simulacrum (Swamp:4)
  11 water moccasins
  28 orc warriors
  5 swamp drakes (Swamp:4)
  7 black bears
  A sky beast (D:6)
  An ice beast (D:6)
  3 swamp dragon zombies (Swamp:4)
  2 laughing skulls (D:13)
  10 wolves
  5 ogres
  11 centaurs
  2 phantoms
  2 kobold brigands
  6 scorpions
  13 bullfrogs
  2 gnoll sergeants
  10 small abominations (Lair:5)
  16 killer bees (D:10)
  8 howler monkeys
  2 vampire bats (Orc:2)
  5 electric eels
  A bombardier beetle (D:4)
  2 lava snakes (Lair:4)
  4 hounds
  6 jellies
  A gnoll bouda (D:5)
  4 iguanas
  16 orc priests
  A sleepcap (D:7)
  Natasha (thrice) (D:3)
  23 orc wizards
  A hell rat (D:11)
  13 gnolls
  2 swamp drake zombies (Swamp:4)
  8 adders
  A river rat (D:11)
  3 swamp drake skeletons (Swamp:4)
  A shadow imp (D:7)
  2 white imps
  2 ufetubi (D:6)
  A dart slug (D:1)
  4 ribbon worms
  63 orcs
  9 bats
  6 endoplasms
  2 giant cockroaches (D:1)
  7 goblins
  6 hobgoblins
  3 jackals (D:2)
  21 kobolds
  5 quokkas
  8 ball pythons
  5 frilled lizards
  8 rats
  A fulminant prism (Swamp:4)
1013 creatures vanquished.

Vanquished Creatures (collateral kills)
  Gastronok (Lair:3)
  An orc warlord (Orc:2)
  A hydra skeleton (Swamp:4)
  A hydra (Lair:3)
  2 death yaks (Lair:3)
  An elephant (Lair:3)
  An orc warrior (Orc:2)
8 creatures vanquished.

Vanquished Creatures (others)
  A human (D:14)
  An orc (Orc:1)
  56 foxfires
  88 fulminant prisms
146 creatures vanquished.

Grand Total: 1167 creatures vanquished

Notes
Turn   | Place    | Note
-------+----------+-------------------------------------------
     0 | D:1      | shadizar the Djinni Conjurer began the quest for the Orb.
     0 | D:1      | shadizar set off with the following spells memorised: Magic
                  | Dart, Searing Ray, Fulminant Prism, Iskenderun's Mystic
                  | Blast.
     0 | D:1      | Reached XP level 1. HP: 15/15 MP: 0/0
   128 | D:1      | Reached XP level 2. HP: 21/21 MP: 0/0
   346 | D:1      | Reached XP level 3. HP: 24/25 MP: 0/0
   346 | D:1      | Learned a level 1 spell: Foxfire
   463 | D:1      | Found Qepleoppurr's Jewellery Emporium.
   926 | D:2      | Reached XP level 4. HP: 27/31 MP: 0/0
  1413 | D:2      | Found a runed translucent door.
  1414 | D:2      | Noticed Crazy Yiuf
  1560 | D:2      | Found Syveam's Antique Armour Boutique.
  2017 | D:3      | Noticed Natasha
  2021 | D:3      | Killed Natasha
  2022 | D:3      | Reached XP level 5. HP: 32/35 MP: 0/0
  2022 | D:3      | Learned a level 2 spell: Static Discharge
  2029 | D:3      | Noticed Natasha
  2039 | D:3      | Killed Natasha
  2040 | D:3      | Reached skill level 1 in Shields
  2040 | D:3      | Reached skill level 5 in Spellcasting
  2040 | D:3      | Reached skill level 5 in Conjurations
  2040 | D:3      | Reached skill level 5 in Hexes
  2040 | D:3      | Reached skill level 5 in Summonings
  2040 | D:3      | Reached skill level 5 in Necromancy
  2040 | D:3      | Reached skill level 5 in Translocations
  2040 | D:3      | Reached skill level 5 in Fire Magic
  2040 | D:3      | Reached skill level 5 in Ice Magic
  2040 | D:3      | Reached skill level 5 in Air Magic
  2040 | D:3      | Reached skill level 5 in Earth Magic
  2040 | D:3      | Reached skill level 5 in Alchemy
  2092 | D:3      | Found a shadowy altar of Dithmenos.
  2171 | D:3      | Noticed Natasha
  2177 | D:3      | Killed Natasha
  2384 | D:3      | Reached XP level 6. HP: 32/40 MP: 0/0
  2963 | D:4      | Found a glowing golden altar of the Shining One.
  3187 | D:4      | Found Karue's Tiny Tomes.
  3215 | D:4      | Reached XP level 7. HP: 37/45 MP: 0/0
  3215 | D:4      | Learned a level 3 spell: Maxwell's Portable Piledriver
  3286 | D:4      | Found an ornate altar of the Wu Jian Council.
  3380 | D:4      | Found Boepp's Jewellery Emporium.
  3939 | D:5      | Entered Level 5 of the Dungeon
  4202 | D:5      | Found Ywomuj's Book Shop.
  4230 | D:5      | Reached XP level 8. HP: 32/50 MP: 0/0
  5067 | D:5      | Noticed Menkaure
  5073 | D:5      | Killed Menkaure
  5074 | D:5      | Reached skill level 5 in Shields
  5208 | D:5      | Found Isopigau's Magic Scroll Shoppe.
  5284 | D:5      | Found Guacadd's Assorted Antiques.
  5500 | D:6      | Reached XP level 9. HP: 46/56 MP: 0/0
  5500 | D:6      | Learned a level 4 spell: Sticky Flame
  5543 | D:6      | Reached skill level 1 in Fighting
  5792 | D:6      | Found a hide-covered altar of Uskayaw.
  5793 | D:6      | Found a white marble altar of Elyvilon.
  6080 | D:6      | Found Toiklened's Weapon Shop.
  6121 | D:6      | Noticed a two-headed ogre
  6132 | D:6      | Killed a two-headed ogre
  6721 | D:6      | Found a staircase to the Ecumenical Temple.
  7123 | Temple   | Entered the Ecumenical Temple
  7136 | Temple   | Became a worshipper of Makhleb the Destroyer
  7207 | D:7      | Reached XP level 10. HP: 51/67 MP: 0/0
  7210 | D:7      | Reached skill level 5 in Dodging
  8527 | D:8      | Reached * piety under Makhleb
  9255 | D:8      | Reached skill level 1 in Armour
  9578 | D:9      | Reached skill level 5 in Fighting
  9578 | D:9      | Reached skill level 5 in Stealth
  9622 | D:9      | Noticed a two-headed ogre
  9631 | D:9      | Killed a two-headed ogre
  9748 | D:9      | Noticed a two-headed ogre
  9757 | D:9      | Killed a two-headed ogre
  9758 | D:9      | Reached XP level 11. HP: 60/76 MP: 0/0
  9758 | D:9      | Learned a level 4 spell: Animate Dead
  9964 | D:9      | Reached ** piety under Makhleb
 10256 | D:9      | Found a staircase to the Orcish Mines.
 10256 | D:9      | Found Zamynyg's Weapon Boutique.
 10510 | D:9      | Found Femnon's Assorted Antiques.
 11073 | D:10     | Entered Level 10 of the Dungeon
 11073 | D:10     | Noticed a two-headed ogre
 11078 | D:10     | Killed a two-headed ogre
 11102 | D:10     | Noticed Urug
 11115 | D:10     | Killed Urug
 11315 | D:10     | Noticed Maggie
 11326 | D:10     | Killed Maggie
 11732 | D:10     | Found a sparkling altar of Nemelex Xobeh.
 11925 | D:10     | Found a snail-covered altar of Cheibriados.
 12221 | D:11     | Noticed a two-headed ogre
 12232 | D:11     | Killed a two-headed ogre
 12233 | D:11     | Reached skill level 5 in Armour
 12297 | D:11     | Found Dunufot's Book Emporium.
 12324 | D:11     | Noticed a death yak
 12325 | D:11     | Noticed a death yak
 12328 | D:11     | Noticed a green ugly thing
 12335 | D:11     | Reached XP level 12. HP: 48/83 MP: 0/0
 12337 | D:11     | Killed a death yak
 12338 | D:11     | Reached *** piety under Makhleb
 12343 | D:11     | Killed a death yak
 12446 | D:11     | Found a staircase to the Lair.
 12599 | D:11     | Found a stormy altar of Qazlal.
 13077 | Lair:1   | Entered Level 1 of the Lair of Beasts
 14347 | Lair:2   | Reached skill level 10 in Spellcasting
 14347 | Lair:2   | Reached skill level 10 in Conjurations
 14347 | Lair:2   | Reached skill level 10 in Hexes
 14347 | Lair:2   | Reached skill level 10 in Summonings
 14347 | Lair:2   | Reached skill level 10 in Necromancy
 14347 | Lair:2   | Reached skill level 10 in Translocations
 14347 | Lair:2   | Reached skill level 10 in Fire Magic
 14347 | Lair:2   | Reached skill level 10 in Ice Magic
 14347 | Lair:2   | Reached skill level 10 in Air Magic
 14347 | Lair:2   | Reached skill level 10 in Earth Magic
 14347 | Lair:2   | Reached skill level 10 in Alchemy
 14670 | Lair:2   | Reached XP level 13. HP: 70/87 MP: 0/0
 14670 | Lair:2   | Learned a level 5 spell: Summon Forest
 14732 | Lair:2   | Noticed a four-headed hydra
 14739 | Lair:2   | Killed a four-headed hydra
 14740 | Lair:2   | Reached skill level 10 in Dodging
 14749 | Lair:2   | Reached **** piety under Makhleb
 15022 | Lair:3   | Noticed Gastronok
 15022 | Lair:3   | Noticed an eight-headed hydra
 15029 | Lair:3   | Killed an eight-headed hydra
 15031 | Lair:3   | Killed Gastronok
 15035 | Lair:3   | Reached skill level 10 in Shields
 16047 | Lair:3   | Found a hole to the Spider Nest.
 16483 | Lair:3   | Noticed a four-headed hydra
 16492 | Lair:3   | Killed a four-headed hydra
 16501 | Lair:3   | Reached XP level 14. HP: 66/94 MP: 0/0
 16681 | Lair:3   | Found a staircase to the Swamp.
 17272 | Lair:4   | Reached ***** piety under Makhleb
 18377 | Lair:4   | Found a white marble altar of Elyvilon.
 18538 | Lair:5   | Entered Level 5 of the Lair of Beasts
 19559 | Lair:5   | Reached XP level 15. HP: 90/103 MP: 0/0
 19559 | Lair:5   | Learned a level 6 spell: Bombard
 20230 | Lair:5   | Found a corrupted altar of Lugonu.
 20230 | Lair:5   | Found a one-way gate to the infinite horrors of the Abyss.
 20255 | Lair:5   | Identified the +9 trident of Untruth {spect, ^Drain +Blink
                  | SInv Stlth+}
 20713 | Lair:5   | Found a viscous altar of Jiyva.
 20713 | Lair:5   | Found a staircase to the Slime Pits.
 21020 | Orc:1    | Entered Level 1 of the Orcish Mines
 21030 | Orc:1    | Noticed Josephine
 21036 | Orc:1    | Reached ****** piety under Makhleb
 21037 | Orc:1    | Killed Josephine
 21252 | Orc:2    | Entered Level 2 of the Orcish Mines
 21369 | Orc:2    | Found a staircase to the Elven Halls.
 21408 | Orc:2    | Found a roughly hewn altar of Beogh.
 21427 | Orc:2    | Found Zecwuluu's Jewellery Shoppe.
 21858 | Orc:2    | Reached skill level 10 in Armour
 21940 | Orc:2    | Found a roughly hewn altar of Beogh.
 22226 | Orc:2    | Found a roughly hewn altar of Beogh.
 22350 | Orc:2    | Noticed Jorgrun
 22358 | Orc:2    | Killed Jorgrun
 22378 | Orc:2    | Noticed an orc warlord
 22380 | Orc:2    | Paralysed by an orc sorcerer for 5 turns
 22541 | Orc:2    | Found a roughly hewn altar of Beogh.
 22547 | Orc:2    | Found Tuedd's Weapon Shop.
 22673 | Orc:2    | Killed an orc warlord
 22812 | Orc:2    | Paralysed by an orc sorcerer for 3 turns
 22828 | Orc:2    | Found Utiuv's Antique Armour Shoppe.
 22829 | Orc:2    | Found a roughly hewn altar of Beogh.
 22833 | Orc:2    | Found Okhluseg's Antique Weapon Emporium.
 23557 | D:8      | Identified the +2 cloak of Words of Power {^Contam rC+
                  | Str+4 SInv}
 23939 | D:2      | Bought a glowing buckler for 217 gold pieces
 24216 | D:12     | Noticed Rupert
 24221 | D:12     | Killed Rupert
 24344 | D:12     | Noticed Nergalle
 24350 | D:12     | Killed Nergalle
 24456 | D:12     | Reached XP level 16. HP: 90/112 MP: 0/0
 25209 | D:12     | Found Fecoagg's Book Shop.
 25768 | D:13     | Reached skill level 10 in Fighting
 25987 | D:14     | Found a gate leading to a gauntlet.
 25996 | Gauntlet | Entered a Gauntlet
 25996 | Gauntlet | Found a transporter.
 25996 | Gauntlet | Found a transporter.
 26000 | Gauntlet | Found a transporter.
 26001 | Gauntlet | Found a transporter.
 26003 | Gauntlet | Found a transporter.
 26045 | Gauntlet | Found a transporter.
 26048 | Gauntlet | Found a transporter.
 26048 | Gauntlet | Found a transporter.
 26064 | Gauntlet | Found a transporter.
 26080 | Gauntlet | Found a transporter.
 26094 | Gauntlet | Found a transporter.
 26111 | Gauntlet | Found a transporter.
 26133 | Gauntlet | Found a transporter.
 26135 | Gauntlet | Found a runed translucent gate.
 26135 | Gauntlet | Found a runed translucent gate.
 26135 | Gauntlet | Found a runed translucent gate.
 26150 | Gauntlet | Found a transporter.
 26321 | Gauntlet | Identified the ring "Jiureesk" {Fly Str+3 SInv}
 26358 | Gauntlet | Identified the ring "Siceitu" {Ice rPois Int+3}
 26497 | D:14     | Found a gate to the Vaults.
 27048 | D:14     | Identified the +7 falchion "Ulok" {heavy, Str+6}
 27471 | Spider:1 | Entered Level 1 of the Spider Nest
 27715 | Spider:1 | Reached XP level 17. HP: 119/120 MP: 0/0
 27715 | Spider:1 | Learned a level 7 spell: Summon Hydra
 28128 | Spider:1 | Found a runed translucent door.
 28136 | Spider:1 | Noticed Kiarimix's ghost (adept MiBe)
 28261 | Spider:1 | Killed Kiarimix's ghost
 28271 | Spider:1 | Identified the +4 dagger "Spiderbane" {freeze, ^Fragile
                  | rElec Dex+7}
 28272 | Spider:1 | Identified the staff "Anydi" {Str+4 Earth}
 30096 | Spider:3 | Reached skill level 15 in Spellcasting
 30096 | Spider:3 | Reached skill level 15 in Conjurations
 30096 | Spider:3 | Reached skill level 15 in Hexes
 30096 | Spider:3 | Reached skill level 15 in Summonings
 30096 | Spider:3 | Reached skill level 15 in Necromancy
 30096 | Spider:3 | Reached skill level 15 in Translocations
 30096 | Spider:3 | Reached skill level 15 in Fire Magic
 30096 | Spider:3 | Reached skill level 15 in Ice Magic
 30096 | Spider:3 | Reached skill level 15 in Air Magic
 30096 | Spider:3 | Reached skill level 15 in Earth Magic
 30096 | Spider:3 | Reached skill level 15 in Alchemy
 31590 | Spider:4 | Entered Level 4 of the Spider Nest
 31721 | Spider:4 | Reached XP level 18. HP: 129/129 MP: 0/0
 31854 | Spider:4 | Found a runed translucent gate.
 31854 | Spider:4 | Found a runed translucent gate.
 32015 | Spider:4 | Identified the +0 plate armour "Vovvor" {Harm Will+ Slay+2}
 32147 | Spider:4 | Identified the +2 robe of Articulation {rPois}
 32527 | Spider:4 | Got a gossamer rune of Zot
 32559 | Spider:4 | Identified the +2 pair of boots "Geosch" {Regen+ Str+3}
 32759 | Spider:4 | Found a runed translucent gate.
 32763 | Spider:4 | Noticed shadizar's ghost (adept DjCj)
 33477 | Swamp:1  | Entered Level 1 of the Swamp
 35147 | Swamp:3  | Identified the blade talisman "Fited" {Dex+4}
 35181 | Swamp:3  | Reached XP level 19. HP: 129/138 MP: 0/0
 35181 | Swamp:3  | Learned a level 7 spell: Enfeeble
 35189 | Swamp:3  | Noticed a tentacled monstrosity
 35195 | Swamp:3  | Killed a tentacled monstrosity
 35747 | Swamp:4  | Entered Level 4 of the Swamp
 35863 | Swamp:4  | Noticed Mara
 35878 | Swamp:4  | Noticed shadizar's illusion
 35886 | Swamp:4  | Killed Mara
 37082 | Swamp:4  | Found a blossoming altar of Fedhas.
 37108 | Swamp:4  | Found a basalt altar of Yredelemnul.
 37114 | Swamp:4  | Killed from afar by a thorn hunter

Illustrated notes

Levels and vault maps discovered:
D:1:      zelgadis_glass_arrival_small, layout_basic, serial_shops, shop
D:2:      layout_basic, serial_shops, nicolae_diamond_shop,
          uniq_crazy_yiuf_cottage
D:3:      layout_basic, nicolae_dithmenos_through_a_glass_darkly, serial_curves,
          eino_curves_03, eino_curves_04, uniq_natasha
D:4:      kennysheep_spiral_hall, layout_cave_pods,
          nicolae_overflow_crystal_walls, nzn_wu_jian_council_hall,
          serial_shops, shop, nicolae_shop_i_like_small_books_too,
          kennysheep_small_spiral
D:5:      layout_loops_ring, serial_shops, shop, shop, nicolae_shop_rolled_up,
          uniq_menkaure
D:6:      layout_basic, jmf_multi_god_temple,
          minmay_temple_entry_statues_fountains, serial_shops,
          nicolae_shop_bloodbath_and_beyond, roderic_lattice_a,
          dreamdust_princess_corridor, minmay_misc_feat_square,
          nrook_pool_corridor, kennysheep_cross_bottleneck,
          chequers_serial_rivers_large_a
D:7:      layout_loops_ring, chequers_jeans
D:8:      lemuel_ice_spiral_2, layout_basic
D:9:      layout_irregular_city, orc_david_3, serial_shops,
          nicolae_shop_back_alley_shop, minivault_5
D:10:     layout_big_octagon, marbit_many_paths, nemelex_altar_shiori,
          hangedman_abyss_or_decor_lesser_grid, eino_jars, uniq_urug,
          uniq_maggie
D:11:     layout_roguey, dpeg_lair_monsters, serial_shops, shop, serial_rivers,
          chequers_serial_rivers_micro_d, chequers_serial_rivers_micro_c,
          chequers_serial_rivers_room_b, chequers_serial_rivers_small_3,
          grunt_qazlal_sundering
D:12:     layout_basic, serial_shops, shop, uniq_rupert, uniq_nergalle
D:13:     layout_gridville
D:14:     layout_long_grid, ximxim_vaults_locker_room, chequers_big_river,
          gauntlet_entry_generic
Temple:   nicolae_temple_bog_church
Lair:1:   layout_loops_ring
Lair:2:   layout_long_grid
Lair:3:   layout_regular_city, palyth_hydra_swamp_entry,
          nicolae_spider_entry_lesser_pyramids, uniq_gastronok
Lair:4:   layout_gridlike, basic_altar, lemuel_fruit_fields
Lair:5:   hellmonk_lair_end_abyssal_woods, layout_long_grid,
          dpeg_slime_entry_enclosed, nzn_sisyphean_effort, grunt_megastairs_2
Swamp:1:  layout_falls_marsh, evilmike_swamp_ruin_house_6, swamp_pool_1_2
Swamp:2:  layout_basic_swamp, evilmike_swamp_ruin_house_2,
          nicolae_swamp_little_tower, nicolae_swamp_bloodsuckers_inc
Swamp:3:  layout_falls_marsh, evilmike_swamp_ruin_house_5, swamp_pool_3,
          infiniplex_staircase_pool
Swamp:4:  byrel_swamp_growth_death_and_undeath, layout_basic_swamp, uniq_mara
Spider:1: layout_spider_delve, ebering_ghost_reflecting_pool,
          spiders_nest_hornet_nest
Spider:2: layout_chambers
Spider:3: layout_chambers, nicolae_spider_bug_shape
Spider:4: hellmonk_spider_rune_endless_swarm, gammafunk_ghost_necromancy
Orc:1:    layout_diamond_mine, uniq_josephine
Orc:2:    grunt_orc_community_town_hall, layout_diamond_mine,
          grunt_orc_community_big_house_2, grunt_orc_community_big_house_2,
          grunt_orc_community_house_2, grunt_orc_community_house_1,
          grunt_orc_community_house_1, grunt_orc_community_house_1,
          roderic_batcave, uniq_jorgrun

Skill      XL: |  1  2  3  4  5  6  7  8  9 10 11 12 13 14 15 16 17 18 19 |
---------------+----------------------------------------------------------+-----
Spellcasting   | 4 5 6 7 8 9 10 11 13 14 15 16 17 | 17.8
Conjurations   | 4 5 6 7 8 9 10 11 13 14 15 16 17 | 17.8
Hexes          | 4 5 6 7 8 9 10 11 13 14 15 16 17 | 17.8
Summonings     | 4 5 6 7 8 9 10 11 13 14 15 16 17 | 17.8
Necromancy     | 4 5 6 7 8 9 10 11 13 14 15 16 17 | 17.8
Translocations | 4 5 6 7 8 9 10 11 13 14 15 16 17 | 17.8
Fire Magic     | 4 5 6 7 8 9 10 11 13 14 15 16 17 | 17.8
Ice Magic      | 4 5 6 7 8 9 10 11 13 14 15 16 17 | 17.8
Air Magic      | 4 5 6 7 8 9 10 11 13 14 15 16 17 | 17.8
Earth Magic    | 4 5 6 7 8 9 10 11 13 14 15 16 17 | 17.8
Alchemy        | 4 5 6 7 8 9 10 11 13 14 15 16 17 | 17.8
Shields        | 2 3 4 5 6 8 9 10 11 12 | 12.6
Fighting       | 3 5 6 8 9 10 11 13 | 13.9
Stealth        | 3 5 6 7 8 |  8.1
Dodging        | 4 6 8 9 11 12 13 | 13.1
Armour         | 2 5 7 9 10 11 | 11.2

Action                     |  1- 3 |  4- 6 |  7- 9 | 10-12 | 13-15 | 16-18 | 19-21 || total
---------------------------+-------+-------+-------+-------+-------+-------+-------++-------
  Melee: Staff             |       |       |       |     3 |     3 |     1 |       ||     7
   Cast: Magic Dart        |    72 |   123 |   133 |   229 |   431 |   457 |    54 ||  1499
         Searing Ray       |       |     1 |     2 |       |       |       |       ||     3
         Foxfire           |       |     2 |    26 |     2 |       |       |       ||    30
         Static Discharge  |       |       |     1 |       |       |       |       ||     1
         Iskenderun's Myst |       |       |    31 |   170 |   368 |   353 |    41 ||   963
         Fulminant Prism   |       |       |    11 |    21 |    38 |    11 |     8 ||    89
         Summon Forest     |       |       |       |       |     2 |       |     2 ||     4
         Bombard           |       |       |       |       |     2 |   179 |   101 ||   282
         Summon Hydra      |       |       |       |       |       |       |     1 ||     1
    Use: Scroll            |       |       |     5 |    11 |     8 |     6 |       ||    30
         Potion            |       |       |       |     1 |     3 |       |     2 ||     6
 Armour: Robe              |     5 |    16 |    18 |    32 |    20 |       |       ||    91
         Acid dragon scale |       |       |       |    10 |    94 |    99 |    29 ||   232
  Dodge: Dodged            |     4 |    16 |    12 |    46 |    67 |    77 |    16 ||   238
  Block: Buckler           |       |     5 |     5 |    29 |     4 |    55 |     4 ||   102
         Kite shield       |       |       |       |       |    63 |       |       ||    63

Table legend: (Time is in decaauts)
 A = Elapsed time spent in this place.
 B = Non-inter-level travel time spent in this place.
 C = Inter-level travel time spent in this place.
 D = Time resting spent in this place.
 E = Time spent auto-exploring this place.
 F = Levels seen in this place.
 G = Mean time per level.
                   A        B        C        D        E       F      G
               +--------+--------+--------+--------+--------+-----+--------+
         Total |  37208 |  35212 |   1996 |      0 |  28648 |  31 | 1200.3 |
       Dungeon |  16841 |  15554 |   1287 |      0 |  13003 |  14 | 1202.9 |
        Temple |     26 |      1 |     25 |      0 |      0 |   1 |   26.0 |
          Lair |   8054 |   7616 |    438 |      0 |   6407 |   5 | 1610.8 |
         Swamp |   3668 |   3632 |     36 |      0 |   2925 |   4 |  917.0 |
   Spider Nest |   5839 |   5675 |    164 |      0 |   4603 |   4 | 1459.8 |
  Orcish Mines |   2385 |   2342 |     43 |      0 |   1677 |   2 | 1192.5 |
      Gauntlet |    391 |    391 |      0 |      0 |     33 |   1 |  391.0 |
               +--------+--------+--------+--------+--------+-----+--------+

Top non-repeatable levels by time:
  Lair:5: 2199 daAuts
   Orc:2: 1738 daAuts
Spider:2: 1725 daAuts
     D:5: 1693 daAuts
  Lair:3: 1652 daAuts
     D:8: 1649 daAuts
Spider:3: 1649 daAuts
  Lair:2: 1641 daAuts
Spider:4: 1550 daAuts
     D:9: 1509 daAuts
     D:6: 1457 daAuts
  Lair:4: 1424 daAuts
    D:12: 1410 daAuts
     D:7: 1296 daAuts
 Swamp:4: 1183 daAuts
